 Dungeon Crawl Stone Soup version 0.26-a0-708-g17f3b190f9 (webtiles) character file.

Game seed: 5430500121414927147

622900 Ijustatesigmund the Victor of a Thousand Battles (level 27, -8/205 HPs)
             Began as an Octopode Fighter on Oct 26, 2020.
             Was the Champion of Okawaru.
             Mangled by an acid blob (36 damage)
             ... on level 4 of the Pits of Slime on Oct 28, 2020.
             The game lasted 04:18:13 (65323 turns).

Ijustatesigmund (OpFi)                             Turns: 65323, Time: 04:18:15

Health: -8/205     AC: -10   Str: 20    XL:     27
Magic:  38/38      EV: 32    Int: 20    God:    Okawaru [******]
Gold:   4325       SH: 29    Dex: 21    Spells: 14/30 levels left

rFire    + + +     SeeInvis .   U - +7 hand crossbow "Voghit" {flame, rF+ Dex+2}
rCold    + + .     Faith    .   b - +8 tower shield {AC+3}
rNeg     + + .     Spirit   .   A - +0 hat of Boyrru Buloc {rC+ rN++ Stlth-}
rPois    +         Reflect  .   J - amulet of Tienuge {rF+ Regen+}
rElec    +         Harm     .   p - +4 ring of evasion
rCorr    +         Rampage  .   L - +4 ring of protection
MR       +++++                  u - +4 ring of evasion
Stlth    ++++++++++             q - ring "Cunie" {rElec rPois MR+ rCorr}
HPRegen  0.84/turn              V - ring of Shadows {Umbra +Inv Stlth+}
MPRegen  0.26/turn              W - ring of Tioged {rElec rPois rF+ rC+ MR+}
                                r - ring of the Spinneret {rF+ Int+7 Slay+2}
                                M - +4 ring of protection

@: corroded, wreathed by umbra
A: almost no armour, stealthy swim, amphibious, 8 rings, constrict 8, icy blue
scales 1, camouflage 1, magic resistance 1, screaming 1, strong 1, gelatinous
body 1, no potion heal 1
}: 3/15 runes: decaying, serpentine, silver
a: Heroism, Finesse, Renounce Religion, Evoke Invisibility


You were on level 4 of the Pits of Slime.
You worshipped Okawaru.
Okawaru was exalted by your worship.
You visited 12 branches of the dungeon, and saw 53 of its levels.
You visited 1 bazaar.
You visited 1 ziggurat, and saw 11 of its levels.
You also visited: Sewer, Gauntlet, Ice Cave and Desolation.

You collected 10276 gold pieces.
You spent 5951 gold pieces at shops.

Inventory:

Hand Weapons
 a - the +8 broad axe of Immorality {freeze, rPois Str+4}
   (Okawaru gifted it to you on level 6 of the Lair of Beasts)

   It has been specially enchanted to freeze those struck by it, causing extra
   injury to most foes and up to half again as much damage against particularly
   susceptible opponents.
   It can also slow down cold-blooded creatures.
   It affects your strength (+4).
   It protects you from poison.
 F - the +9 broad axe of Ykatoetoule {vamp, MP+9}
   (Okawaru gifted it to you on level 4 of the Vaults)

   It inflicts no extra harm, but heals its wielder when it wounds a living foe.
   It affects your magic capacity (+9).
 U - the +7 hand crossbow "Voghit" (weapon) {flame, rF+ Dex+2}
   (You found it in a Gauntlet)

   It causes projectiles fired from it to burn those they strike, causing extra
   injury to most foes and up to half again as much damage against particularly
   susceptible opponents.
   It affects your dexterity (+2).
   It protects you from fire.
Missiles
 k - 1893 bolts (quivered)
Armour
 b - a +8 tower shield of protection (worn)
 v - a +2 hat of see invisible
 A - the +0 hat of Boyrru Buloc (worn) {rC+ rN++ Stlth-}
   (Okawaru gifted it to you on level 1 of the Elven Halls)

   It protects you from cold.
   It greatly protects you from negative energy.
   It makes you less stealthy.
Jewellery
 c - the ring of Oseqil {+Fly rCorr MP-9 Int+9 Stlth-}
   (You found it on level 12 of the Dungeon)

   [ring of resist corrosion]

   It affects your intelligence (+9).
   It affects your magic capacity (-9).
   It lets you fly.
   It provides partial protection from all sources of acid and corrosion.
   It makes you less stealthy.
 e - the ring "Wakiliargh" {*Slow rPois rC+++ rN++ Stlth+}
   (You found it on level 4 of the Depths)

   [ring of stealth]

   It renders you almost immune to cold.
   It protects you from poison.
   It greatly protects you from negative energy.
   It may slow you when you take damage.
   It makes you more stealthy.
 n - an uncursed amulet of reflection
 p - a +4 ring of evasion (left tentacle)
 q - the ring "Cunie" (on tentacle) {rElec rPois MR+ rCorr}
   (You bought it in a shop on level 7 of the Dungeon)

   [ring of resist corrosion]

   It insulates you from electricity.
   It protects you from poison.
   It affects your resistance to hostile enchantments.
   It provides partial protection from all sources of acid and corrosion.
 r - the ring of the Spinneret (on tentacle) {rF+ Int+7 Slay+2}
   (You bought it in a shop on level 4 of the Depths)

   [ring of protection from fire]

   It affects your intelligence (+7).
   It affects your accuracy and damage with ranged weapons and melee attacks
   (+2).
   It protects you from fire.
 u - a +4 ring of evasion (on tentacle)
 B - a +4 ring of slaying
 J - the amulet of Tienuge (around mantle) {rF+ Regen+}
   (You found it on level 5 of the Vaults)

   [amulet of regeneration]

   It protects you from fire.
   It increases your rate of regeneration.
 L - a +4 ring of protection (right tentacle)
 M - a +4 ring of protection (on tentacle)
 S - the ring "Tottykea" {rCorr Str+3 Int+2}
   (You took it off a deep elf demonologist on level 3 of the Elven Halls)

   [ring of resist corrosion]

   It affects your strength (+3).
   It affects your intelligence (+2).
   It provides partial protection from all sources of acid and corrosion.
 V - the ring of Shadows (on tentacle) {Umbra +Inv Stlth+}
   (You found it on level 4 of the Depths)

   [ring of stealth]

   It lets you turn invisible.
   It makes you more stealthy.
 W - the ring of Tioged (on tentacle) {rElec rPois rF+ rC+ MR+}
   (You found it in the Desolation of Salt)

   [ring of protection from cold]

   It protects you from fire.
   It protects you from cold.
   It insulates you from electricity.
   It protects you from poison.
   It affects your resistance to hostile enchantments.
 X - an uncursed ring of protection from cold
Wands
 j - a wand of flame (150)
 l - a wand of acid (13)
 x - a wand of digging (5)
 Q - a wand of iceblast (12)
Scrolls
 d - 2 scrolls of blinking
 g - 36 scrolls of remove curse
 m - 2 scrolls of immolation
 o - a scroll of amnesia
 s - 3 scrolls of magic mapping
 w - 10 scrolls of fear
 D - 5 scrolls of silence
 G - 7 scrolls of holy word
 I - 7 scrolls of identify
 N - 21 scrolls of teleportation
 O - a scroll of fog
 R - 3 scrolls of summoning
Potions
 f - 4 potions of resistance
 h - 14 potions of curing
 i - 7 potions of brilliance
 t - 6 potions of haste
 y - 8 potions of mutation
 z - 10 potions of flight
 C - 6 potions of heal wounds
 E - 3 potions of stabbing
 K - 10 potions of invisibility
 P - 3 potions of magic
 T - 8 potions of might
 Y - 5 potions of cancellation
Miscellaneous
 H - a phantom mirror
 Z - a condenser vane (2/2)


   Skills:
 + Level 21.1 Fighting
 + Level 18.5 Axes
 - Level 7.0 Crossbows
 - Level 3.0 Throwing
 + Level 13.5 Dodging
 - Level 20.5 Stealth
 - Level 17.2 Shields
 - Level 2.1 Spellcasting
 - Level 10.7 Conjurations
   Level 12.3 Summonings
 - Level 11.2 Translocations
   Level 11.1 Transmutations
 - Level 10.1 Ice Magic
 - Level 7.0 Air Magic
 + Level 22.8 Invocations
 - Level 5.3 Evocations


You had 14 spell levels left.
You knew the following spells:

 Your Spells              Type           Power        Failure   Level
a - Magic Dart            Conj           ####         1%          1
b - Apportation           Tloc           #####.       1%          1
c - Blink                 Tloc           N/A          1%          2
d - Ozocubu's Armour      Ice            #####...     1%          3
e - Lesser Beckoning      Tloc           #####.....   1%          3
f - Passage of Golubria   Tloc           N/A          4%          4
h - Swiftness             Air            ####....     3%          2

Your spell library contained the following spells:

 Spells                   Type           Power        Failure   Level
 Beastly Appendage        Tmut           #####.       1%          1
 Freeze                   Ice            ####         1%          1
 Shock                    Conj/Air       ####         1%          1
 Summon Small Mammal      Summ           ####         1%          1
 Call Imp                 Summ           ######..     1%          2
 Searing Ray              Conj           #####.       1%          2
 Wereblood                Tmut           #####...     1%          2
 Call Canine Familiar     Summ           ######..     1%          3
 Frozen Ramparts          Ice            #####.       1%          3
 Gell's Gravitas          Tloc           #####.....   1%          3
 Teleport Other           Tloc           #####...     1%          3
 Static Discharge         Conj/Air       #####...     3%          3
 Foxfire                  Conj/Fire      ###.         4%          1
 Sting                    Tmut/Pois      ###.         4%          1
 Iskenderun's Mystic Bla  Conj/Tloc      #####...     4%          4
 Summon Ice Beast         Ice/Summ       #####...     4%          4
 Hailstorm                Conj/Ice       #####...     5%          4
 Ice Form                 Ice/Tmut       #####...     5%          4
 Ensorcelled Hibernation  Hex/Ice        ###...       8%          2
 Summon Lightning Spire   Summ/Air       #####...     8%          4
 Summon Demon             Summ           ######....   8%          5
 Summon Guardian Golem    Hex/Summ       ####....     10%         3
 Summon Forest            Summ/Tloc      #####.....   10%         5
 Mephitic Cloud           Conj/Pois/Air  ####....     11%         3
 Blade Hands              Tmut           #####.....   12%         5
 Portal Projectile        Hex/Tloc       ###...       13%         3
 Spider Form              Tmut/Pois      ###.......   13%         3
 Irradiate                Conj/Tmut      #####.....   13%         5
 Conjure Flame            Conj/Fire      ###.....     14%         3
 Dazzling Flash           Conj/Hex       ###...       14%         3
 Poisonous Vapours        Pois/Air       ###...       16%         2
 Airstrike                Air            ####......   24%         4
 Ignite Poison            Fire/Tmut/Pois ###.....     28%         3
 Lightning Bolt           Conj/Air       #####.....   30%         5
 Animate Skeleton         Necr           #.....       38%         1
 Corona                   Hex            #......      38%         1
 Pain                     Necr           #...         38%         1
 Petrify                  Tmut/Erth      ###.....     38%         4
 Shadow Creatures         Summ           N/A          38%         6
 Fulminant Prism          Conj/Hex       ###.......   43%         4
 Sticky Flame             Conj/Fire      ###.....     43%         4
 Slow                     Hex            #.......     54%         2
 Sublimation of Blood     Necr           #.........   54%         2
 Dispersal                Tloc           #####.....   54%         6
 Summon Mana Viper        Hex/Summ       ####....     67%         5
 Alistair's Intoxication  Tmut/Pois      ###......    75%         5
 Yara's Violent Unravell  Hex/Tmut       ###.......   75%         5
 Confusing Touch          Hex            #.......     77%         3
 Inner Flame              Hex/Fire       #.......     77%         3
 Vampiric Draining        Necr           #.........   77%         3
 Fireball                 Conj/Fire      ###.......   78%         5
 Freezing Cloud           Conj/Ice/Air   #####.....   80%         6
 Metabolic Englaciation   Hex/Ice        ###.......   82%         5
 Conjure Ball Lightning   Conj/Air       #####.....   86%         6
 Monstrous Menagerie      Summ           ######....   92%         7
 Summon Greater Demon     Summ           ######....   92%         7
 Summon Hydra             Summ           ######....   92%         7
 Bolt of Magma            Conj/Fire/Erth ###.......   95%         5
 Silence                  Hex/Air        ###.......   95%         5
 Malign Gateway           Summ/Tloc      #####.....   96%         7
 Spellforged Servitor     Conj/Summ      #####.....   97%         7
 Animate Dead             Necr           #.........   99%         4
 Cause Fear               Hex            #.........   99%         4
 Leda's Liquefaction      Hex/Erth       #.........   99%         4
 Agony                    Necr           #.......     100%        5
 Borgnjor's Vile Clutch   Necr/Erth      #.........   100%        5
 Excruciating Wounds      Necr           #.........   100%        5
 Lee's Rapid Deconstruct  Erth           #.........   100%        5
 Death Channel            Necr           #.........   100%        6
 Eringya's Noxious Bog    Tmut/Pois      ###.......   100%        6
 Simulacrum               Ice/Necr       ###.......   100%        6
 Starburst                Conj/Fire      ###.......   100%        6
 Statue Form              Tmut/Erth      ###......    100%        6
 Discord                  Hex            #.........   100%        8
 Disjunction              Tloc           #####.....   100%        8
 Ignition                 Fire           #.........   100%        8
 Summon Horrible Things   Summ           ######....   100%        8
 Dragon's Call            Summ           ######....   100%        9
 Shatter                  Erth           #.........   100%        9
 Tornado                  Air            ####......   100%        9


Dungeon Overview and Level Annotations

Branches:
Dungeon (15/15)            Temple (1/1) D:7            Lair (6/6) D:11
  Swamp (4/4) Lair:3        Snake (4/4) Lair:4        Slime (5/5) Lair:5
    Orc (2/2) D:9             Elf (3/3) Orc:2        Vaults (5/5) D:13
  Crypt (2/3) Vaults:2     Depths (5/5) D:15            Zot (1/5) Depths:5
  Sewer (visited)           IceCv (visited)         Desolation (visited)
Gauntlet (visited)

Altars:
Ashenzari
Cheibriados
Dithmenos
Elyvilon
Fedhas
Gozag
Hepliaklqana
Kikubaaqudgha
Makhleb
Nemelex Xobeh
Okawaru
Qazlal
Ru
Sif Muna
Trog
Uskayaw
Vehumet
Wu Jian
Xom
Yredelemnul
Zin
The Shining One
Beogh

Shops:
D:7 *=   D:9 *   D:11 (   D:13 :   Orc:2 (*[}:[}!   Elf:2 *   Snake:2 (
Snake:4 ?   Depths:1 [   Depths:4 *(=}=[*=

Portals:
Hell: Depths:1 Depths:2 Depths:3 Depths:4 Depths:5
Abyss: Depths:4
Pandemonium: Depths:1 Depths:3

Annotations:
D:12 1 runed translucent door, Peloso's ghost, journeyman MiFi
Lair:6 3 runed translucent doors, temitten's ghost, journeyman KoHu


Innate Abilities, Weirdness & Mutations

You cannot wear most types of armour.
You are very stealthy in the water. (Stealth+)
You are amphibious.
You can wear up to eight rings at the same time.
You can use your tentacles to constrict eight enemies at once.
Your skin changes colour to match your surroundings (Stealth+).
Your rubbery body absorbs attacks. (AC +1, EV +1)
You are partially covered in icy blue scales. (AC +2)
You are resistant to hostile enchantments. (MR+)
You occasionally shout uncontrollably at your foes.
Your muscles are strong. (Str +2)
Potions are less effective at restoring your health.


Message History

Your system partially rejects the healing.
You feel much better. The acid blob spits acid at you.
The splash of acid hits you! You resist.
* * * LOW HITPOINT WARNING * * *
You are splashed with acid.
You resist.
* * * LOW HITPOINT WARNING * * *
You feel the dreadful sensation subside.
You feel agile.
The +7 hand crossbow "Voghit" {flame, rF+ Dex+2} bursts into flame!
U - the +7 hand crossbow "Voghit" (weapon)
{flame, rF+ Dex+2} You block the acid blob's attack.
Firing (i - inventory)
k - 1894 bolts (quivered)
Press: ? - help, Shift-Dir - straight line, f - acid blob
Aim: an acid blob (almost dead, umbra)
You shoot a bolt.
The bolt hits the acid blob but does no damage.
The acid blob is almost dead.
The acid blob hits you!!!
You die...

##.# #....#.......##
#...###....#.<.....#
#.#.##.#.........##
##.......#.....#.##
#......<.......#### ##
#..............#..# .##
##...#................
#....##..J...#.#.....
##.......@...#####.##
#....#.......#.#...#
#..<............# #.
#....#..........#...
###...................#
##...............#.#.###
#..................###
##.#......##........#
#....#.######..#..##


You could see an acid blob.

Vanquished Creatures
  Dissolution (Slime:2)
  A juggernaut (Depths:3)
  6 Killer Klowns
  A shard shrike (Zig:4)
  Frederick (Depths:4)
  A caustic shrike (shapeshifter) (Vaults:5)
  4 golden dragons
  Nikola (Elf:1)
  An electric golem (Zot:1)
  A Tzitzimitl (Depths:4)
  A pandemonium lord (Zig:7)
  A lich (Vaults:5)
  Rupert (D:13)
  4 tentacled monstrosities
  An Ice Fiend (Zig:7)
  2 deep elf master archers (Elf:3)
  5 quicksilver dragons
  Asterion (Vaults:1)
  3 deep elf blademasters
  5 titans
  An acid blob (shapeshifter) (Vaults:5)
  11 acid blobs
  Gastronok (Lair:2)
  An ancient champion (Crypt:1)
  5 sphinxes
  3 thorn hunters
  Donald (Crypt:1)
  10 tengu reavers
  Kirke (D:12)
  7 storm dragons
  A death cob (Zot:1)
  9 shadow dragons
  8 fire giants
  9 nagarajas
  11 frost giants
  3 azure jellies
  5 iron dragons
  3 deep elf sorcerers
  A draconian monk (Zot:1)
  6 orc warlords
  3 imperial myrmidons (Desolation)
  2 draconian knights (Zot:1)
  17 vault wardens
  Louise (Snake:1)
  Aizul (Elf:1)
  2 balrugs
  A draconian shifter (Zot:1)
  A draconian stormcaller (Depths:5)
  8 deep elf elementalists (Elf:3)
  5 ghouls
  3 curse skulls (Crypt:1)
  A draconian annihilator (Zot:1)
  2 spriggan defenders
  2 reapers
  8 ironheart preservers
  17 very ugly things
  4 war gargoyles (Vaults:5)
  A blood saint (Zig:7)
  An entropy weaver (shapeshifter) (Vaults:5)
  24 stone giants
  4 green draconians
  A corrupter (Zig:7)
  10 vampire knights
  Azrael (Elf:1)
  3 entropy weavers (Lair:5)
  6 deep elf annihilators
  A purple draconian (Zot:1)
  9 deep elf demonologists
  5 spark wasps (Depths:3)
  A minotaur (Gauntlet)
  A lorocyproca (Zig:6)
  A white draconian (Depths:5)
  A red draconian (Zot:1)
  3 eidola
  Snorg (Lair:4)
  A blizzard demon (Depths:1)
  A mummy priest (Elf:1)
  2 death oozes
  13 fire dragons
  A merfolk impaler (Depths:1)
  2 merfolk javelineers
  4 crystal guardians (Desolation)
  8 deep elf death magi
  Erolcha (D:13)
  11 great orbs of eyes
  Josephine (Lair:4)
  11 jiangshi
  3 deep elf high priests
  17 ettins
  8 servants of whispers (Desolation)
  15 yaktaur captains
  30 vault guards
  8 rakshasas
  11 peacekeepers (Desolation)
  8 boulder beetles
  A hell beast (Zig:7)
  14 naga warriors
  24 hydras
  11 ragged hierophants (Desolation)
  8 ice dragons
  An alligator snapping turtle (shapeshifter) (Zig:10)
  2 shambling mangroves (Swamp:2)
  4 ghost crabs (Lair:5)
  A catoblepas (D:14)
  15 centaur warriors
  3 spriggan air magi
  Erica (D:9)
  14 ogre magi
  11 vampire magi
  9 death knights
  An alligator (shapeshifter) (Elf:1)
  15 alligators
  52 two-headed ogres
  6 anacondas
  A death yak (shapeshifter) (Zig:10)
  8 death yaks
  24 dancing weapons
  6 deep troll shamans
  7 deep troll earth magi
  8 tengu warriors
  Urug (D:13)
  4 shock serpents
  2 titan zombies (Crypt:1)
  5 orc high priests
  2 soul eaters
  A spriggan berserker (Depths:3)
  29 deep elf knights
  18 naga sharpshooters
  Nergalle (Lair:4)
  A sixfirhy (Zig:7)
  2 iron trolls
  5 salamander mystics
  2 small abominations
  17 hell knights
  8 shadow wraiths
  8 skeletal warriors
  A titan skeleton (Crypt:1)
  6 fire crabs (Lair:5)
  13 swamp dragons
  5 glowing orange brains
  A glowing orange brain (shapeshifter) (Depths:3)
  3 unseen horrors
  A death drake (Gauntlet)
  4 lindwurms (Lair:2)
  4 naga ritualists
  A storm dragon skeleton (Depths:4)
  10 flayed ghosts
  19 deep trolls
  2 golden dragon zombies
  4 shadow demons
  Pikel (D:10)
  4 spriggan druids
  A shadow dragon zombie (Vaults:4)
  15 deep elf archers
  An obsidian statue (D:14)
  A tengu zombie (Vaults:5)
  8 necromancers
  14 harpies
  13 orc knights
  10 phantasmal warriors
  2 shadow dragon skeletons
  A deep troll (shapeshifter) (Vaults:5)
  6 shining eyes
  3 wolf spiders
  6 mana vipers
  5 orc sorcerers
  A stone giant zombie (Crypt:2)
  8 wizards
  24 ironbrand convokers
  57 deep elf magi
  42 ugly things
  8 manticores (Elf:1)
  A fire giant zombie (Zig:8)
  A mana viper (shapeshifter) (Vaults:5)
  A spectral centaur (Gauntlet)
  14 salamanders
  4 moths of wrath
  16 cyclopes
  12 elephants
  15 vault sentinels
  10 naga magi
  Maurice (D:8)
  2 fire giant skeletons (Crypt:1)
  A rust devil (Depths:1)
  6 ice statues
  3 guardian serpents (Desolation)
  2 black mambas (shapeshifter)
  A smoke demon (Depths:1)
  2 elf zombies
  5 apocalypse crabs
  27 black mambas
  A gargoyle (D:13)
  2 guardian serpents (shapeshifter)
  An emperor scorpion zombie (Crypt:1)
  2 minotaur zombies (Gauntlet)
  2 rime drakes (shapeshifter) (Vaults:4)
  Maggie (Lair:2)
  3 centaur skeletons
  A dire elephant skeleton (Crypt:1)
  19 komodo dragons
  21 cane toads
  An iron troll zombie (Crypt:2)
  A white draconian zombie (Crypt:1)
  2 hellions (Zig:8)
  3 anaconda simulacra (IceCv)
  6 kobold demonologists
  2 ice devils (Depths:1)
  4 rime drakes
  An alligator snapping turtle skeleton (Crypt:2)
  A tormentor (Zig:11)
  2 tengu conjurers
  60 yaktaurs
  A death yak skeleton (Crypt:1)
  9 freezing wraiths
  An ancient zyme (Zig:6)
  A troll (shapeshifter) (Vaults:4)
  12 trolls
  12 tyrant leeches
  23 hornets
  A polar bear (shapeshifter) (Depths:3)
  3 raiju (shapeshifter)
  81 saltlings (Desolation)
  2 sphinx simulacra
  2 blink frogs (shapeshifter)
  6 polar bears
  11 blink frogs
  A guardian serpent zombie (Crypt:1)
  An ice dragon zombie (Crypt:1)
  Prince Ribbit (D:6)
  An ettin zombie (Vaults:5)
  5 bog bodies
  A deep troll zombie (Depths:1)
  A stone giant simulacrum (Depths:1)
  85 slime creatures
  8 dream sheep (Lair:6)
  A human simulacrum (Vaults:1)
  2 elf skeletons
  22 spriggans
  2 flying skulls (Crypt:1)
  4 large abominations
  7 wyverns
  An air elemental (Elf:3)
  18 wraiths
  55 yaks
  A human (shapeshifter) (Vaults:3)
  A dire elephant simulacrum (IceCv)
  An ice dragon skeleton (Crypt:1)
  6 hogs
  11 water elementals
  16 humans (D:12)
  6 shadows
  Grum (D:8)
  Eustachio (D:5)
  7 fire elementals
  2 chaos spawn
  A hog (shapeshifter) (Vaults:5)
  4 basilisks
  16 vampire mosquitoes
  A yaktaur simulacrum (Depths:1)
  A naga (shapeshifter) (Vaults:5)
  An iron troll simulacrum (IceCv)
  51 nagas
  13 insubstantial wisps
  5 wargs
  3 harpy simulacra (IceCv)
  18 swamp worms
  18 water moccasins
  Duvessa (D:6)
  2 acid dragons
  5 floating eyes
  A two-headed ogre zombie (Crypt:1)
  4 hell hounds (Elf:1)
  47 orc warriors
  A sky beast (shapeshifter) (Vaults:5)
  4 phantoms
  11 swamp drakes
  12 ice beasts
  An ettin simulacrum (IceCv)
  A sky beast (D:15)
  A black bear (shapeshifter) (Vaults:5)
  9 eyes of draining
  An elephant zombie (Crypt:1)
  35 ogres
  An eye of draining (shapeshifter) (Vaults:2)
  7 black bears
  5 necrophages
  2 manticore skeletons (Crypt:1)
  42 wolves
  18 centaurs
  3 lemures (D:9)
  24 boggarts
  3 human skeletons
  An ogre (shapeshifter) (Vaults:5)
  A rime drake zombie (Crypt:2)
  Blork the orc (Orc:2)
  A salamander zombie (Crypt:1)
  2 earth elementals (Elf:1)
  A bullfrog (shapeshifter) (Depths:3)
  5 big kobolds
  14 bullfrogs
  A draconian skeleton (Crypt:1)
  A human zombie (Vaults:4)
  A wyvern zombie (D:8)
  Dowan (D:6)
  2 wyvern skeletons
  6 scorpions
  11 killer bees
  17 wights
  5 howler monkeys
  4 electric eels
  2 centaur zombies
  3 quasits
  21 orc priests
  11 hounds
  2 iguanas
  17 jellies
  27 orc wizards
  2 iron imps
  Jessica (D:2)
  11 worker ants
  2 killer bee zombies
  A sky beast zombie (Crypt:1)
  A demigod skeleton (Crypt:2)
  A hound zombie (D:10)
  2 hound skeletons
  A worker ant zombie (D:10)
  4 gnolls
  13 adders
  5 river rats (D:4)
  4 shadow imps
  2 white imps
  An ufetubus (D:5)
  An ooze (shapeshifter) (Vaults:5)
  2 oozes
  An iguana zombie (Crypt:2)
  4 worms
  2 dart slugs (D:1)
  5 leopard geckos
  107 orcs
  3 ball pythons
  4 giant cockroaches
  10 goblins
  7 hobgoblins
  2 jackals (D:4)
  28 kobolds
  6 quokkas
  7 bats
  4 frilled lizards
  A hobgoblin zombie (Crypt:2)
  A leopard gecko skeleton (D:5)
  9 rats
  2 briar patches (Swamp:4)
  A butterfly (Lair:6)
  A crawling corpse (Elf:3)
  11 pillars of salt (Vaults:1)
  A starspawn tentacle (Zig:6)
2601 creatures vanquished.

Vanquished Creatures (collateral kills)
  An ironheart preserver (Vaults:2)
1 creature vanquished.

Vanquished Creatures (others)
  A storm dragon (Depths:5)
  A hydra (Elf:1)
  A deep elf mage (Elf:1)
  A naga mage (Snake:2)
  A cane toad (Swamp:3)
  A tyrant leech (Swamp:3)
  A hornet (Swamp:3)
  A spriggan (Swamp:3)
  A human (D:13)
  2 chaos spawn (Zig:10)
  A swamp worm (Lair:4)
  An orc warrior (Vaults:1)
  A wight (D:13)
  A hell rat (Elf:1)
  An orc (D:13)
  46 fungi
  76 plants
  A starspawn tentacle (Zig:6)
139 creatures vanquished.

Grand Total: 2741 creatures vanquished

Notes
Turn   | Place    | Note
-------+----------+-------------------------------------------
     0 | D:1      | Ijustatesigmund the Octopode Fighter began the quest for
                  | the Orb.
     0 | D:1      | Reached XP level 1. HP: 16/16 MP: 1/1
    81 | D:1      | Reached XP level 2. HP: 18/21 MP: 2/2
   131 | D:1      | You fall into a shaft and drop 1 floor!
   139 | D:2      | Found a white marble altar of Elyvilon.
   349 | D:2      | Reached XP level 3. HP: 22/26 MP: 3/3
   838 | D:1      | Reached XP level 4. HP: 29/32 MP: 4/4
  1452 | D:2      | Noticed Jessica
  1458 | D:2      | Killed Jessica
  1574 | D:3      | Reached XP level 5. HP: 17/37 MP: 5/5
  2768 | D:4      | Reached skill level 5 in Axes
  2811 | D:4      | Reached XP level 6. HP: 31/44 MP: 6/6
  2977 | D:4      | Found a glowing drain.
  2987 | Sewer    | Entered a sewer
  3729 | D:4      | Noticed an ice beast
  3738 | D:4      | Killed an ice beast
  3738 | D:4      | Reached skill level 5 in Fighting
  3738 | D:4      | Reached XP level 7. HP: 40/50 MP: 7/7
  4315 | D:5      | Entered Level 5 of the Dungeon
  4514 | D:5      | Found an ornate altar of the Wu Jian Council.
  4688 | D:5      | Noticed Eustachio
  4698 | D:5      | Killed Eustachio
  4698 | D:5      | Reached skill level 1 in Stealth
  4698 | D:5      | Reached XP level 8. HP: 56/57 MP: 8/8
  4914 | D:6      | Noticed Prince Ribbit
  4920 | D:6      | Killed Prince Ribbit
  5083 | D:6      | Noticed Dowan
  5084 | D:6      | Noticed Duvessa
  5093 | D:6      | Killed Duvessa
  5097 | D:6      | Killed Dowan
  5489 | D:7      | Found Puonleq's Jewellery Shop.
  5513 | D:7      | Found a hazy altar of Hepliaklqana.
  5610 | D:7      | Found a staircase to the Ecumenical Temple.
  5634 | Temple   | Entered the Ecumenical Temple
  5732 | Temple   | Became a worshipper of Warmaster Okawaru
  5876 | D:7      | Found Tunek's Assorted Antiques.
  5897 | D:7      | Bought a scroll labeled WAFATERCH IPSAW for 21 gold pieces
  5897 | D:7      | Bought a scroll labeled MAPNIOWOHOS for 21 gold pieces
  5897 | D:7      | Bought a puce potion for 18 gold pieces
  6006 | D:7      | Found a basalt altar of Yredelemnul.
  6153 | D:7      | Found a blossoming altar of Fedhas.
  6210 | D:7      | Reached XP level 9. HP: 63/63 MP: 9/9
  6603 | D:7      | Reached skill level 1 in Invocations
  7080 | D:8      | Noticed Maurice
  7092 | D:8      | Killed Maurice
  7092 | D:8      | Reached skill level 2 in Invocations
  7118 | D:8      | Reached skill level 5 in Dodging
  7118 | D:8      | Reached skill level 5 in Shields
  7140 | D:8      | Found an iron altar of Okawaru.
  7146 | D:8      | Reached * piety under Okawaru
  7495 | D:8      | Reached skill level 3 in Invocations
  7628 | D:8      | Noticed Grum
  7642 | D:8      | Killed Grum
  7862 | D:8      | Reached XP level 10. HP: 71/71 MP: 12/12
  7902 | D:8      | Reached ** piety under Okawaru
  7905 | D:8      | Reached skill level 4 in Invocations
  8146 | D:9      | Noticed Pikel
  8190 | D:9      | Noticed Erica
  8203 | D:9      | Killed Erica
  8357 | D:9      | Found Zutuohes's Assorted Antiques.
  8362 | D:9      | Bought a blue potion for 24 gold pieces
  8362 | D:9      | Bought a scroll labeled FOR DU GAYNIU for 27 gold pieces
  8362 | D:9      | Bought a scroll labeled ETUX LUTZOUCU for 27 gold pieces
  8571 | D:9      | Found a staircase to the Orcish Mines.
  8879 | D:9      | Reached *** piety under Okawaru
  8985 | D:9      | Found a snail-covered altar of Cheibriados.
  9126 | D:10     | Entered Level 10 of the Dungeon
  9135 | D:10     | Reached skill level 5 in Invocations
  9274 | D:10     | Killed Pikel
  9274 | D:10     | Reached skill level 1 in Evocations
  9282 | D:10     | Reached **** piety under Okawaru
  9422 | D:10     | Reached skill level 6 in Invocations
  9422 | D:10     | Reached XP level 11. HP: 64/78 MP: 15/15
  9767 | D:11     | Found a staircase to the Lair.
  9767 | D:11     | Noticed a red ugly thing
  9776 | D:11     | Killed a red ugly thing
  9992 | D:11     | Found Founkugh's Weapon Emporium.
 10180 | D:7      | Bought the ring "Cunie" {rElec rPois MR+ rCorr} for 613
                  | gold pieces
 10308 | D:11     | Noticed a green ugly thing
 10328 | D:11     | Killed a green ugly thing
 10328 | D:11     | Reached ***** piety under Okawaru
 10527 | D:11     | Reached skill level 10 in Axes
 10657 | D:11     | Noticed a skeletal warrior
 10657 | D:11     | Noticed a skeletal warrior
 10667 | D:11     | Noticed a skeletal warrior
 10669 | D:11     | Noticed a skeletal warrior
 10671 | D:11     | Killed a skeletal warrior
 10671 | D:11     | Reached skill level 7 in Invocations
 10681 | D:11     | Killed a skeletal warrior
 10681 | D:11     | Received a gift from Okawaru
 10684 | D:11     | Killed a skeletal warrior
 10684 | D:11     | Reached skill level 5 in Evocations
 10698 | D:11     | Killed a skeletal warrior
 10802 | D:11     | Got a crude buckler {god gift}
 10813 | D:11     | Identified the -6 buckler of Disappointment {-Tele rN++
                  | Str+4} (Okawaru gifted it to you on level 11 of the
                  | Dungeon)
 11036 | D:12     | Noticed a cyan ugly thing
 11046 | D:12     | Killed a cyan ugly thing
 11108 | D:12     | Got a scintillating silver ring
 11109 | D:12     | Identified the ring of Oseqil {+Fly rCorr MP-9 Int+9
                  | Stlth-} (You found it on level 12 of the Dungeon)
 11210 | D:12     | Noticed a cyclops
 11219 | D:12     | Killed a cyclops
 11472 | D:12     | Reached XP level 12. HP: 63/86 MP: 17/17
 11672 | D:12     | Found a runed translucent door.
 11672 | D:12     | Noticed Peloso's ghost (journeyman MiFi)
 12250 | D:13     | Noticed Kirke
 12253 | D:13     | Noticed a sphinx
 12298 | D:12     | Killed Kirke
 12531 | D:13     | Found a gate to the Vaults.
 12531 | D:13     | Noticed a centaur warrior
 12531 | D:13     | Noticed Rupert
 12531 | D:13     | Noticed Urug
 12531 | D:13     | Noticed a tengu warrior
 12559 | D:12     | Reached skill level 8 in Invocations
 12569 | D:12     | Reached ****** piety under Okawaru
 12730 | Lair:1   | Entered Level 1 of the Lair of Beasts
 12819 | Lair:1   | Received a gift from Okawaru
 12819 | Lair:1   | Reached skill level 10 in Fighting
 12887 | Lair:1   | Reached skill level 1 in Throwing
 13145 | Lair:1   | Found a glowing golden altar of the Shining One.
 13405 | Lair:1   | Received a gift from Okawaru
 13409 | Lair:1   | Reached XP level 13. HP: 67/92 MP: 19/19
 13537 | Lair:2   | Noticed Gastronok
 13556 | Lair:2   | Killed Gastronok
 13556 | Lair:2   | Reached skill level 9 in Invocations
 14276 | Lair:2   | Noticed Maggie
 14288 | Lair:2   | Killed Maggie
 14689 | Lair:2   | Got a fine double sword
 14690 | Lair:2   | Identified the +3 double sword "Killer Klown's Doom"
                  | {venom, rPois rC++ Str+2 Dex-5} (You found it on level 2 of
                  | the Lair of Beasts)
 14748 | Lair:3   | Reached skill level 10 in Invocations
 14797 | Lair:3   | Found a staircase to the Swamp.
 15006 | Lair:2   | Received a gift from Okawaru
 16098 | Lair:4   | Noticed Snorg
 16146 | Lair:4   | Noticed Josephine
 16173 | Lair:4   | Reached XP level 14. HP: 41/102 MP: 13/22
 16204 | Lair:4   | Received a gift from Okawaru
 16441 | Lair:4   | Reached skill level 11 in Invocations
 16516 | Lair:4   | Got a jewelled battleaxe
 16522 | Lair:4   | Identified the +7 battleaxe "Ogreslayer" {freeze, rN+} (You
                  | found it on level 4 of the Lair of Beasts)
 16654 | Lair:4   | Learned a level 1 spell: Magic Dart
 16789 | Lair:4   | Killed Snorg
 16930 | Lair:4   | Noticed Nergalle
 16938 | Lair:4   | Killed Nergalle
 17162 | Lair:4   | Found a staircase to the Snake Pit.
 17735 | Lair:4   | Killed Josephine
 18064 | Lair:5   | Gained mutation: You are weak. (Str -2) [potion of
                  | mutation]
 18064 | Lair:5   | Gained mutation: You evolve. [potion of mutation]
 18137 | Lair:5   | Found a runed translucent door.
 18355 | Lair:5   | Reached skill level 12 in Invocations
 18361 | Lair:5   | Received a gift from Okawaru
 18562 | Lair:5   | Gained mutation: Your mind is acute. (Int +2) [evolution]
 18837 | Lair:5   | Found a staircase to the Slime Pits.
 19111 | Lair:5   | Noticed an entropy weaver
 19125 | Lair:5   | Killed an entropy weaver
 19332 | Lair:5   | Noticed an entropy weaver
 19367 | Lair:5   | Killed an entropy weaver
 19496 | Lair:6   | Entered Level 6 of the Lair of Beasts
 19626 | Lair:5   | Reached XP level 15. HP: 81/110 MP: 7/24
 19887 | Lair:5   | Got an ancient brass ring
 19970 | Lair:5   | Identified the ring "Uskojekhle" {Ice Dex+4} (You found it
                  | on level 5 of the Lair of Beasts)
 20052 | Lair:6   | Noticed temitten's ghost (journeyman KoHu)
 20161 | Lair:6   | Reached skill level 13 in Invocations
 20529 | Lair:6   | Reached skill level 5 in Stealth
 20537 | Lair:6   | Received a gift from Okawaru
 20553 | Lair:6   | Got a pitted broad axe {god gift}
 20554 | Lair:6   | Identified the +8 broad axe of Immorality {freeze, rPois
                  | Str+4} (Okawaru gifted it to you on level 6 of the Lair of
                  | Beasts)
 20727 | Lair:6   | Found a runed translucent gate.
 20727 | Lair:6   | Found a runed translucent gate.
 20727 | Lair:6   | Found a runed translucent gate.
 21063 | Lair:6   | Received a gift from Okawaru
 21722 | Orc:1    | Entered Level 1 of the Orcish Mines
 21787 | Orc:1    | Received a gift from Okawaru
 22069 | Orc:2    | Entered Level 2 of the Orcish Mines
 22069 | Orc:2    | Found a gate leading to a gauntlet.
 22087 | Gauntlet | Entered a Gauntlet
 22087 | Gauntlet | Found a transporter.
 22098 | Gauntlet | Found a transporter.
 22099 | Gauntlet | Found a transporter.
 22102 | Gauntlet | Found a runed translucent door.
 22112 | Gauntlet | Found a runed translucent door.
 22114 | Gauntlet | Found a transporter.
 22116 | Gauntlet | Found a transporter.
 22126 | Gauntlet | Found a transporter.
 22141 | Gauntlet | Found a transporter.
 22151 | Gauntlet | Found a transporter.
 22161 | Gauntlet | Found a transporter.
 22176 | Gauntlet | Found a transporter.
 22191 | Gauntlet | Found a transporter.
 22191 | Gauntlet | Found a transporter.
 22258 | Gauntlet | Found a transporter.
 22299 | Gauntlet | Got a warped emerald amulet
 22393 | Gauntlet | Identified the +7 quick blade of the Jumping Fox {vorpal,
                  | rF+}
 22399 | Gauntlet | Received a gift from Okawaru
 22421 | Gauntlet | Got a transparent hand crossbow
 22422 | Gauntlet | Identified the +7 hand crossbow "Voghit" {flame, rF+ Dex+2}
                  | (You found it in a Gauntlet)
 22487 | Orc:2    | Found Ziot's Gadget Boutique.
 22568 | Orc:2    | Found Qeonlod's Gadget Emporium.
 22587 | Orc:2    | Found a roughly hewn altar of Beogh.
 22588 | Orc:2    | Noticed an orc warlord
 22606 | Orc:2    | Identified the amulet "Kilidd" {Faith +Blink Dex-4 SInv}
                  | (You found it in a Gauntlet)
 22764 | Orc:2    | Found Nephir's Armour Shop.
 22782 | Orc:2    | Noticed Blork the orc
 22794 | Orc:2    | Killed Blork the orc
 22887 | Orc:2    | Found Ilion's Distillery.
 22893 | Orc:2    | Found a staircase to the Elven Halls.
 22895 | Orc:2    | Bought a potion of berserk rage for 75 gold pieces
 22895 | Orc:2    | Bought a potion of heal wounds for 75 gold pieces
 22926 | Orc:1    | Found a roughly hewn altar of Beogh.
 23088 | Orc:2    | Reached XP level 16. HP: 108/119 MP: 26/26
 23254 | Orc:2    | Found Zoytin's Antique Weapon Emporium.
 23515 | Orc:2    | Found Haxapucw's General Store.
 23521 | Orc:2    | Bought a scroll of teleportation for 30 gold pieces
 23521 | Orc:2    | Bought a scroll of teleportation for 30 gold pieces
 23530 | Orc:2    | Found Coapseno's Antique Armour Emporium.
 23553 | Orc:2    | Found Doadui's Book Emporium.
 23561 | Orc:2    | Learned a level 1 spell: Apportation
 23561 | Orc:2    | Bought a book of Minor Magic for 260 gold pieces
 23564 | Orc:2    | Learned a level 2 spell: Blink
 23788 | D:7      | Bought a +4 ring of protection for 504 gold pieces
 23788 | D:7      | Bought a +4 ring of protection for 504 gold pieces
 23986 | D:12     | Received a gift from Okawaru
 23987 | D:12     | Reached skill level 14 in Invocations
 24095 | D:14     | You fall into a shaft and drop 1 floor!
 24095 | D:15     | Entered Level 15 of the Dungeon
 24150 | D:14     | Reached skill level 1 in Translocations
 25472 | D:15     | Reached skill level 5 in Translocations
 25515 | D:15     | Found a staircase to the Depths.
 25880 | D:13     | Lost mutation: You are weak. (Str -2) [evolution]
 25934 | D:13     | Killed Urug
 25971 | D:13     | Killed Rupert
 26460 | D:13     | Found Quhenupp's Book Emporium.
 26460 | D:13     | Noticed Erolcha
 26467 | D:13     | Killed Erolcha
 26467 | D:13     | Reached skill level 1 in Spellcasting
 26506 | D:13     | Received a gift from Okawaru
 27055 | Snake:1  | Entered Level 1 of the Snake Pit
 27258 | Snake:1  | Found a glowing silver altar of Zin.
 27358 | Snake:1  | Noticed Louise
 27369 | Snake:1  | Killed Louise
 27438 | Snake:1  | Reached XP level 17. HP: 67/125 MP: 23/28
 27705 | Snake:1  | Received a gift from Okawaru
 28061 | Snake:2  | Reached skill level 15 in Invocations
 28064 | Snake:2  | Reached skill level 10 in Dodging
 28208 | Snake:2  | Found Poiqi's Antique Weapon Emporium.
 28225 | Snake:2  | Reached skill level 10 in Shields
 28254 | Snake:2  | Found a shimmering altar of Xom.
 28682 | Snake:4  | Entered Level 4 of the Snake Pit
 29155 | Snake:3  | Reached skill level 1 in Crossbows
 29171 | Snake:3  | Received a gift from Okawaru
 29804 | Snake:4  | Found Joink's Magic Scroll Boutique.
 29817 | Snake:4  | Bought a scroll of teleportation for 63 gold pieces
 29817 | Snake:4  | Bought a scroll of teleportation for 63 gold pieces
 29817 | Snake:4  | Bought a scroll of teleportation for 63 gold pieces
 30452 | Snake:4  | Reached XP level 18. HP: 129/131 MP: 29/29
 30712 | Snake:4  | Reached skill level 16 in Invocations
 31242 | Snake:4  | Reached skill level 5 in Crossbows
 31503 | Snake:4  | Lost mutation: You evolve. [evolution]
 31517 | Snake:4  | Received a gift from Okawaru
 31690 | Snake:4  | Got a serpentine rune of Zot
 32103 | Swamp:1  | Entered Level 1 of the Swamp
 32491 | Vaults:1 | Entered Level 1 of the Vaults
 32593 | Vaults:1 | Noticed Asterion
 32601 | Vaults:1 | Killed Asterion
 32615 | Vaults:1 | Found a ruined gateway.
 32707 | Desolati | Entered the Desolation of Salt
 32759 | Desolati | Reached skill level 15 in Axes
 32922 | Desolati | Received a gift from Okawaru
 33157 | Desolati | Got a scorched diamond amulet
 33158 | Desolati | Identified the amulet "Noirekk" {Inacc rN+} (You found it
                  | in the Desolation of Salt)
 33170 | Desolati | Identified the Catalogue of Clay
 33200 | Desolati | Reached skill level 15 in Fighting
 33222 | Desolati | Reached skill level 17 in Invocations
 33286 | Desolati | Reached XP level 19. HP: 81/139 MP: 24/31
 33640 | Desolati | Received a gift from Okawaru
 33944 | Desolati | Got a heavily runed bronze ring
 33946 | Desolati | Identified the ring of Tioged {rElec rPois rF+ rC+ MR+}
                  | (You found it in the Desolation of Salt)
 33952 | Desolati | Identified Nisipp's Papyrus of Cold and Earth
 34905 | Vaults:1 | Found Ygrien's Magic Scroll Shoppe.
 35163 | Vaults:1 | Reached skill level 10 in Stealth
 35748 | Vaults:2 | Received a gift from Okawaru
 35937 | Vaults:2 | Reached XP level 20. HP: 104/149 MP: 30/32
 36389 | Vaults:2 | Received a gift from Okawaru
 36585 | Vaults:2 | Reached skill level 15 in Stealth
 36968 | Vaults:2 | Found a staircase to the Crypt.
 37109 | Vaults:2 | Learned a level 3 spell: Ozocubu's Armour
 37216 | Vaults:3 | Reached skill level 1 in Ice Magic
 37484 | Vaults:3 | Received a gift from Okawaru
 37491 | Vaults:3 | Got a dazzling kite shield {god gift}
 37502 | Vaults:3 | Identified the +0 kite shield of the Accordion {Int+5}
                  | (Okawaru gifted it to you on level 3 of the Vaults)
 38024 | Vaults:3 | Reached skill level 5 in Ice Magic
 38434 | Vaults:3 | Identified Sif Muna's Papyrus of Supportive Flames
 38860 | Vaults:4 | Reached XP level 21. HP: 150/160 MP: 33/33
 38896 | Vaults:4 | Found a flickering gateway to a bazaar.
 38908 | Bazaar   | Entered a bazaar
 38912 | Bazaar   | Found Hyucziati's Weapon Boutique.
 38930 | Bazaar   | Found Faink's Distillery.
 38947 | Bazaar   | Found Vonerac's Book Boutique.
 38964 | Bazaar   | Found Ekair's Gadget Shoppe.
 39002 | Bazaar   | Bought a potion of curing for 24 gold pieces
 39002 | Bazaar   | Bought a potion of might for 32 gold pieces
 39002 | Bazaar   | Bought a potion of mutation for 64 gold pieces
 39002 | Bazaar   | Bought a potion of curing for 24 gold pieces
 39002 | Bazaar   | Bought a potion of heal wounds for 40 gold pieces
 39002 | Bazaar   | Bought a potion of curing for 24 gold pieces
 39021 | Bazaar   | Bought a book of Spatial Translocations for 780 gold pieces
 39676 | Vaults:4 | Received a gift from Okawaru
 39684 | Vaults:4 | Learned a level 3 spell: Lesser Beckoning
 39689 | Vaults:4 | Learned a level 4 spell: Passage of Golubria
 39694 | Vaults:4 | Learned a level 4 spell: Ice Form
 39805 | Vaults:4 | Received a gift from Okawaru
 39809 | Vaults:4 | Got a twisted broad axe {god gift}
 39810 | Vaults:4 | Identified the +9 broad axe of Ykatoetoule {vamp, MP+9}
                  | (Okawaru gifted it to you on level 4 of the Vaults)
 40924 | Elf:1    | Entered Level 1 of the Elven Halls
 40924 | Elf:1    | Found the +9 scales of the Dragon King {rPois rF+ rC+ MR+}
 40968 | Elf:1    | Received a gift from Okawaru
 40987 | Elf:1    | Got a pitted hat {god gift}
 40998 | Elf:1    | Identified the +0 hat of Boyrru Buloc {rC+ rN++ Stlth-}
                  | (Okawaru gifted it to you on level 1 of the Elven Halls)
 41030 | Elf:1    | Noticed Nikola
 41048 | Elf:1    | Killed Nikola
 41118 | Elf:1    | Noticed Aizul
 41142 | Elf:1    | Killed Aizul
 41142 | Elf:1    | Reached skill level 1 in Transmutations
 41609 | Elf:1    | Noticed Azrael
 41656 | Elf:1    | Killed Azrael
 41766 | Elf:1    | Found a shimmering blue altar of Sif Muna.
 41887 | Elf:1    | Got a pitted zirconium amulet
 41888 | Elf:1    | Identified the amulet "Vistith" {RegenMP rF+ Int+5} (You
                  | found it on level 1 of the Elven Halls)
 41890 | Elf:1    | Identified Asmodeus's Guide on the Entourage
 42330 | Elf:2    | Reached XP level 22. HP: 165/169 MP: 34/34
 42367 | Elf:2    | Found a runed translucent gate.
 42385 | Elf:2    | Reached skill level 5 in Transmutations
 42386 | Elf:2    | Found a runed translucent gate.
 42391 | Elf:2    | Found a runed translucent gate.
 42448 | Elf:2    | Received a gift from Okawaru
 42742 | Elf:2    | Received a gift from Okawaru
 43133 | Elf:2    | Found Nazienke's General Store.
 43140 | Elf:2    | Bought a wand of acid (9) for 494 gold pieces
 43153 | Elf:2    | Reached skill level 10 in Ice Magic
 43271 | Elf:3    | Entered Level 3 of the Elven Halls
 43824 | Elf:3    | Identified the +5 demon trident of Fimbulwinter {venom,
                  | +Blink rElec Str-3 Int+4}
 43908 | Elf:3    | Identified the ring "Tottykea" {rCorr Str+3 Int+2}
 43913 | Elf:3    | Received a gift from Okawaru
 43914 | Elf:3    | Identified the +4 broad axe "Arcanum" {drain, MR+} (Okawaru
                  | gifted it to you on level 3 of the Elven Halls)
 44381 | Elf:3    | Identified the +8 falchion "Gamputum" {drain, *Drain rC++
                  | Dex+4}
 44381 | Elf:3    | Identified the ring "Pummekul" {rC+ Stlth-}
 44732 | Elf:3    | Identified the Guide on Freezing Evil
 45910 | Swamp:2  | Upgraded the game from 0.26-a0-707-g31817bcca1 to
                  | 0.26-a0-708-g17f3b190f9
 46027 | Swamp:2  | Received a gift from Okawaru
 46043 | Swamp:2  | Identified the +0 tower shield of Mysh {*Contam Int+5}
                  | (Okawaru gifted it to you on level 2 of the Swamp)
 46444 | Swamp:3  | Reached skill level 15 in Shields
 46444 | Swamp:3  | Reached skill level 10 in Translocations
 46450 | Swamp:3  | Reached XP level 23. HP: 174/174 MP: 35/35
 46468 | Swamp:3  | Found a frozen archway.
 46487 | IceCv    | Entered an ice cave
 46509 | IceCv    | Reached skill level 10 in Transmutations
 46783 | IceCv    | Identified the ring "Dalopn" {*Corrode rPois rC+ Dex+6}
                  | (You found it in an ice cave)
 47524 | Swamp:4  | Entered Level 4 of the Swamp
 48654 | Swamp:4  | Received a gift from Okawaru
 48657 | Swamp:4  | Identified the +0 hat of the Armoured One {rElec rF+ MR-}
                  | (Okawaru gifted it to you on level 4 of the Swamp)
 48972 | Swamp:4  | Got a decaying rune of Zot
 49365 | Depths:1 | Entered Level 1 of the Depths
 49785 | Depths:1 | Found Giun's Antique Armour Emporium.
 49994 | Depths:1 | Found a one-way gate leading to the halls of Pandemonium.
 50128 | Depths:1 | Found a gateway to a ziggurat.
 50139 | Depths:1 | Found a gateway to Hell.
 50578 | Depths:2 | Found a sparkling altar of Nemelex Xobeh.
 50732 | Depths:2 | Reached XP level 24. HP: 124/180 MP: 35/35
 50822 | Depths:2 | Received a gift from Okawaru
 51284 | Depths:2 | Received a gift from Okawaru
 51307 | Depths:2 | Identified the -4 hat of Umpakhla {rC+ Dex+3 Slay+2}
                  | (Okawaru gifted it to you on level 2 of the Depths)
 51402 | Depths:2 | Reached skill level 18 in Invocations
 51924 | Depths:3 | Paralysed by a floating eye for 3 turns
 51938 | Depths:3 | Paralysed by a floating eye for 4 turns
 51946 | Depths:4 | Found Buimi's Armour Shop.
 52540 | Depths:3 | Learned a level 2 spell: Swiftness
 52667 | Depths:3 | Reached skill level 1 in Air Magic
 52710 | Depths:3 | Received a gift from Okawaru
 52723 | Depths:3 | Noticed a juggernaut
 52740 | Depths:3 | Killed a juggernaut
 53400 | Depths:4 | Found Fyareho's Jewellery Shoppe.
 53405 | Depths:4 | Bought a +4 ring of slaying for 1170 gold pieces
 53437 | Depths:4 | Reached XP level 25. HP: 171/189 MP: 36/36
 53613 | Depths:4 | Found Juduumam's Assorted Antiques.
 53614 | Depths:4 | Found Ifemel's Weapon Boutique.
 53619 | Depths:4 | Found a one-way gate to the infinite horrors of the Abyss.
 53692 | Depths:4 | Found the ring of Shadows {Umbra +Inv Stlth+}
 53886 | Depths:4 | Found a shadowy altar of Dithmenos.
 53914 | Depths:4 | Reached skill level 19 in Invocations
 53916 | Depths:4 | Received a gift from Okawaru
 53938 | Depths:4 | Identified the ring "Wakiliargh" {*Slow rPois rC+++ rN++
                  | Stlth+} (You found it on level 4 of the Depths)
 54103 | Depths:4 | Found Deupnibe's Jewellery Shoppe.
 54103 | Depths:4 | Paralysed by a floating eye for 4 turns
 54104 | Depths:4 | Noticed Frederick
 54380 | Depths:4 | Found Muomabb's Gadget Boutique.
 54381 | Depths:4 | Found Yxked's Jewellery Shoppe.
 54386 | Depths:4 | Bought the ring of the Spinneret {rF+ Int+7 Slay+2} for 881
                  | gold pieces
 54446 | Depths:4 | Found Giheefont's Assorted Antiques.
 54504 | Depths:4 | Killed Frederick
 54504 | Depths:4 | Reached skill level 1 in Summonings
 54540 | Depths:4 | Reached skill level 5 in Air Magic
 54816 | Depths:5 | Entered Level 5 of the Depths
 54894 | Depths:5 | Reached skill level 1 in Conjurations
 54906 | Depths:5 | Paralysed by a floating eye for 2 turns
 54936 | Depths:5 | Received a gift from Okawaru
 54964 | Depths:5 | Found a gate to the Realm of Zot.
 55025 | Depths:5 | Received a gift from Okawaru
 55450 | Depths:5 | Reached skill level 5 in Summonings
 55947 | Crypt:1  | Entered Level 1 of the Crypt
 56349 | Crypt:1  | Noticed Donald
 56367 | Crypt:1  | Received a gift from Okawaru
 56372 | Crypt:1  | Killed Donald
 56968 | Crypt:2  | Found a shimmering altar of Xom.
 56980 | Crypt:2  | Received a gift from Okawaru
 57152 | Crypt:2  | Reached XP level 26. HP: 198/198 MP: 36/36
 57308 | Crypt:2  | Received a gift from Okawaru
 57748 | Crypt:1  | Identified the Disquisition on Orientation
 58510 | Vaults:5 | Entered Level 5 of the Vaults
 58517 | Vaults:5 | Reached skill level 10 in Summonings
 58547 | Vaults:5 | Reached skill level 5 in Conjurations
 58580 | Vaults:5 | Received a gift from Okawaru
 59376 | Vaults:5 | Got a coiled lead amulet
 59377 | Vaults:5 | Identified the amulet of Tienuge {rF+ Regen+} (You found it
                  | on level 5 of the Vaults)
 59646 | Vaults:5 | Reached XP level 27. HP: 203/203 MP: 36/36
 59683 | Vaults:5 | Identified the +10 shortbow "Xatocs" {vorpal, rN+}
 59718 | Vaults:5 | Received a gift from Okawaru
 59722 | Vaults:5 | Identified the +3 hat "Apsaapup" {Dex+6} (Okawaru gifted it
                  | to you on level 5 of the Vaults)
 59883 | Vaults:5 | Reached skill level 10 in Conjurations
 59915 | Vaults:5 | Identified the ring "Qoebrem" {rF+ rN+ AC+4 Slay+3}
 60167 | Vaults:5 | Identified the Incunabulum of Supportive Transformation
 60209 | Vaults:5 | Identified the Grimoire of Displacement
 60240 | Vaults:5 | Identified the Papyrus of the Blaze and Translocation
 60446 | Vaults:5 | Got a silver rune of Zot
 60744 | Zig:1    | Entered Level 1 of a ziggurat
 60771 | Zig:2    | Entered Level 2 of a ziggurat
 60798 | Zig:3    | Entered Level 3 of a ziggurat
 60817 | Zig:3    | Reached skill level 20 in Invocations
 60834 | Zig:4    | Entered Level 4 of a ziggurat
 60838 | Zig:4    | Identified 2 scrolls of acquirement
 60890 | Zig:4    | Acquired 799 gold pieces
 60891 | Zig:4    | Acquired 874 gold pieces
 60896 | Zig:5    | Entered Level 5 of a ziggurat
 60964 | Zig:6    | Entered Level 6 of a ziggurat
 61053 | Zig:7    | Entered Level 7 of a ziggurat
 61061 | Zig:7    | Noticed Renaon the pandemonium lord
 61080 | Zig:7    | Killed Renaon the pandemonium lord
 61091 | Zig:7    | Received a gift from Okawaru
 61117 | Zig:8    | Entered Level 8 of a ziggurat
 61160 | Zig:8    | Reached skill level 21 in Invocations
 61184 | Zig:9    | Entered Level 9 of a ziggurat
 61428 | Zig:10   | Entered Level 10 of a ziggurat
 61438 | Zig:10   | Found the +0 staff of Battle
 61439 | Zig:10   | Found the +8 lance "Wyrmbane" {slay drac, rPois rF+ rC+
                  | AC+3}
 61514 | Zig:10   | Identified the amulet "Wohei" {RegenMP +Blink rPois Dex-2
                  | SInv} (You found it on level 10 of a ziggurat)
 61518 | Zig:11   | Entered Level 11 of a ziggurat
 61877 | Depths:1 | Reached skill level 22 in Invocations
 62064 | Zot:1    | Entered Level 1 of the Realm of Zot
 63548 | Slime:1  | Entered Level 1 of the Pits of Slime
 63554 | Slime:1  | Gained mutation: Your body sometimes deteriorates upon
                  | taking damage. [a shining eye]
 63558 | Slime:1  | Received a gift from Okawaru
 63824 | Slime:2  | Noticed Dissolution
 63839 | Slime:2  | Gained mutation: Your muscles are strong. (Str +2) [a
                  | shining eye]
 63849 | Slime:2  | Lost mutation: Your mind is acute. (Int +2) [a shining eye]
 63855 | Slime:2  | Killed Dissolution
 63880 | Slime:1  | Received a gift from Okawaru
 64150 | Slime:2  | Gained mutation: Your magical capacity is low. (-10% MP) [a
                  | shining eye]
 64152 | Slime:2  | Gained mutation: Your body often deteriorates upon taking
                  | damage. [a shining eye]
 64152 | Slime:2  | Gained mutation: Potions are less effective at restoring
                  | your health. [a shining eye]
 64154 | Slime:2  | Gained mutation: You are resistant to hostile enchantments.
                  | (MR+) [a shining eye]
 64164 | Slime:2  | Gained mutation: You occasionally shout uncontrollably at
                  | your foes. [a shining eye]
 64176 | Slime:2  | Received a gift from Okawaru
 64461 | Slime:5  | Entered Level 5 of the Pits of Slime
 64843 | Slime:3  | Gained mutation: Scrolls take you a little longer to read.
                  | [a shining eye]
 65203 | Slime:5  | Lost mutation: Your body often deteriorates upon taking
                  | damage. [potion of mutation]
 65203 | Slime:5  | Lost mutation: Your magical capacity is low. (-10% MP)
                  | [potion of mutation]
 65203 | Slime:5  | Lost mutation: Scrolls take you a little longer to read.
                  | [potion of mutation]
 65203 | Slime:5  | Lost mutation: Your body sometimes deteriorates upon taking
                  | damage. [potion of mutation]
 65203 | Slime:5  | Gained mutation: You are partially covered in icy blue
                  | scales. (AC +2) [potion of mutation]
 65323 | Slime:4  | Mangled by an acid blob

Illustrated notes

Levels and vault maps discovered:
D:1:      dpeg_arrival_rooms_a, layout_rooms, minmay_cut_off
D:2:      layout_rooms, old_standard_altar, uniq_jessica
D:3:      layout_loops_corners
D:4:      layout_basic, lightli_sewer_entry_pipes
D:5:      layout_gridville, kennysheep_mini_moat, uniq_eustachio
D:6:      minmay_klotski, layout_loops_ring, kennysheep_path_1,
          uniq_prince_ribbit1, uniq_duvessa
D:7:      layout_layer_cave, lemuel_doored_altar, kennysheep_mini,
          fedhas_ov_isle_minmay, minmay_temple_entry_arrows, serial_shops, shop,
          nicolae_shop_stone
D:8:      layout_basic, zaba_anthole, okawaru_ov_weapons_minmay, uniq_maurice,
          uniq_grum
D:9:      layout_loops_ring, lemuel_coloured_pillars_altar, hiddenorc2_lemuel,
          serial_shops, shop, minmay_holes, uniq_erica, uniq_pikel
D:10:     layout_roguey, st_stairs_3
D:11:     layout_basic, lair_entry_dummy, serial_shops, shop_coins
D:12:     layout_grid_maze, hellmonk_ghost_happy_afterlife
D:13:     minmay_spotlight, layout_loops_ring, david_vaults_3, serial_shops,
          nicolae_shop_behind_doors, uniq_kirke, uniq_erolcha
D:14:     minmay_statue_hallways, layout_long_grid, minmay_splitting_lines
D:15:     grunt_enter_depths_magical_seal, layout_irregular_city, minmay_between
Temple:   minmay_temple_bridge_d
Lair:1:   layout_long_grid, basic_altar, pond
Lair:2:   layout_cave_pods, minmay_lindwurm_lava, grunt_megastairs_3,
          uniq_gastronok, uniq_maggie, uniq_urug
Lair:3:   layout_chaotic_city, minmay_swamp_entry_worms,
          chequers_serial_rivers_small_b, st_stairs_10, serial_bayou_ford_a
Lair:4:   onia_ninara_swampy_vault, layout_regular_city,
          minmay_snake_entry_guardpost_small, beast_lair_carwin_6, uniq_snorg,
          uniq_josephine, uniq_nergalle
Lair:5:   gammafunk_mikee_crab_dinner, layout_long_grid,
          minmay_slime_entry_jelly_boxes, chequers_serial_rivers_room_a,
          beast_lair_carwin_4, grunt_megastairs_5, infiniplex_staircase_pool
Lair:6:   minmay_lair_end_enchanted_forest, layout_loops_ring,
          gammafunk_ghost_icy, serial_bayou_shore_b, lemuel_fruit_fields,
          lemuel_fruit_tree
Swamp:1:  layout_basic_swamp, evilmike_swamp_ruin_house_1, swamp_pool1,
          nicolae_swamp_rocky_clearing
Swamp:2:  layout_falls_marsh, evilmike_swamp_ruin_house_2
Swamp:3:  layout_basic_swamp, portal_ice_cave_entry_ice_statue_one,
          evilmike_swamp_ruin_house_4, roderic_carrion_pond,
          infiniplex_staircase_pool_2
Swamp:4:  swamp, layout_basic_swamp
Snake:1:  layout_gridlike, basic_altar, drop_trap, uniq_louise
Snake:2:  layout_rooms, basic_altar, serial_shops, shop
Snake:3:  layout_onion
Snake:4:  minmay_snake_end_coiled, layout_cave_town, serial_shops,
          nicolae_shop_crystal
Slime:1:  layout_caves, nicolae_slime_ancient_tower_intersection
Slime:2:  layout_caves, dissolution_awaits
Slime:3:  layout_caves
Slime:4:  layout_caves
Slime:5
Orc:1:    layout_caves, basic_altar, lemuel_statue_altar
Orc:2:    grunt_orc_cross, layout_caves, gauntlet_entry_generic, serial_shops,
          nicolae_shop_temple_entry_statues_fountains, nicolae_shop_trees, shop,
          shop, nicolae_orc_stony_grotto
Elf:1:    layout_loops_cross, special_room [special_room_mythical_zoo],
          hangedman_elf_represent, hangedman_summoners_spam, uniq_azrael,
          uniq_aizul, uniq_nikola
Elf:2:    layout_geoelf_diagonals, serial_shops,
          nicolae_shop_temple_entry_statues_fountains
Elf:3:    elf_hall_gauntlet_wide, layout_geoelf_octagon, minivault_14,
          minmay_checkered_concentric_circles
Vaults:1: ontoclasm_vaults_pinch, nicolae_vaults_network_square, v_misc_1,
          nicolae_vaults_little_squares_3, nicolae_vaults_fighting_squares,
          ontoclasm_vaults_shuriken, ontoclasm_vaults_ligature, v_pattern_1,
          v_misc_2, vaults_dpeg_hooks, nicolae_vaults_theta, vaults_dpeg_ring,
          grunt_vaults_funnel, layout_vaults_ring, serial_shops, shop,
          portal_desolation_entry_garden, uniq_asterion
Vaults:2: nicolae_vaults_network_quinsquares
          [nicolae_vaults_network_quincunx_subvault,
          nicolae_vaults_network_quincunx_subvault,
          nicolae_vaults_network_quincunx_subvault,
          nicolae_vaults_network_quincunx_subvault], v_misc_27,
          nicolae_vaults_sealed_display, vaults_room_pools,
          nicolae_vaults_border_crossing, minmay_crypt_entry_simple_box,
          hangedman_vaults_capsules, dpeg_vaults_monster_box,
          layout_vaults_omnigrid
Vaults:3: hangedman_vaults_maws, nicolae_vaults_triangles, v_rooms_3,
          nicolae_vaults_arrows, v_pattern_3, nicolae_vaults_big_ls,
          grunt_vaults_hallway_short, vaults_room_glass_cross,
          layout_vaults_maze_snakey
Vaults:4: v_misc_23, nicolae_vaults_three_branches, v_misc_31,
          hangedman_vaults_cutoff, nicolae_vaults_inception_corners,
          hangedman_vaults_stream, hangedman_vaults_stagger, vaults_dpeg_cross,
          hangedman_vaults_corner_blocks, st_more_cells, vaults_room_pool,
          nicolae_vaults_angled_halls, vaults_dpeg_diagonal,
          layout_vaults_big_cross, serial_shops, bzr_in_the_mist
Vaults:5
Crypt:1:  layout_misc_corridors, minivault_5, minicrypt_bobbens,
          grunt_megastairs_2, uniq_donald
Crypt:2:  layout_misc_corridors, basic_altar, grunt_ministairs_10
Depths:1: layout_gridville, enter_ziggurat_a, grunt_pan_entry_zigzag,
          hell_entry, hangedman_abyss_or_decor_clamps, minmay_statues_item,
          minmay_shop_grid_forest, kennysheep_generic_room_10,
          kennysheep_random_hallway, serial_bayou_shore_b
Depths:2: lemuel_castle_with_subvaults [lemuel_castle_interior_carwin_3],
          layout_cave_pools, pf_coc_iceberg, nemelex_xobeh_ov_fountains_minmay,
          minmay_misc_feat_secret_circle, minmay_misc_feat_tower,
          bh_walls_and_bars
Depths:3: hangedman_stitches_corridor, layout_small_grid, hell_entry, pan_entry,
          minmay_starry_boxes, serial_bayou_shore_b, serial_bayou_shore_b,
          infiniplex_staircase_split_hallway
Depths:4: regret_index_dithmenos_brocken_genspenst, layout_twisted_cross,
          chequers_serial_rivers_large_b, grunt_hell_entry_dis_grunt,
          abyss_entry, serial_shops, shop, nicolae_shop_overgrown_old_shop,
          shop_statue, shop_fountains, shop, minmay_shop_grove, uniq_frederick
Depths:5: evilmike_zot_entry_basic, layout_basic, hell_entry,
          ebering_dispersal_statue_hall, roderic_lattice_octagonal_star
Zot:1:    layout_twisted_circle, grunt_ministairs_1

Skill      XL: |  1  2  3  4  5  6  7  8  9 10 11 12 13 14 15 16 17 18 19 20 21 22 23 24 25 26 27 |
---------------+----------------------------------------------------------------------------------+-----
Axes           | 3 4 5 6 7 8 9 10 11 12 13 14 15 16 17 18 | 18.5
Fighting       | 4 5 6 7 8 9 10 11 13 14 15 16 18 19 20 21 | 21.1
Stealth        | 1 4 8 12 15 19 20 | 20.5
Dodging        | 4 5 6 7 9 11 13 | 13.5
Shields        | 4 5 6 7 9 11 13 15 17 | 17.2
Invocations    | 3 6 7 8 10 12 13 14 15 17 18 19 22 | 22.8
Evocations     | 2 5 |  5.3
Throwing       | 2 3 |  3.0
Translocations | 8 9 10 11 | 11.2
Spellcasting   | 2 |  2.1
Crossbows      | 4 5 7 |  7.0
Ice Magic      | 6 9 10 | 10.1
Transmutations | 4 9 11 | 11.1
Air Magic      | 3 6 7 |  7.0
Summonings     | 6 12 | 12.3
Conjurations   | 4 9 10 | 10.7

Action                   |  1- 3 |  4- 6 |  7- 9 | 10-12 | 13-15 | 16-18 | 19-21 | 22-24 | 25-27 || total
-------------------------+-------+-------+-------+-------+-------+-------+-------+-------+-------++-------
Melee: War axe           |    53 |   127 |   226 |   509 |   868 |       |       |       |       ||  1783
       Constrict         |    14 |    36 |    45 |   110 |   124 |   110 |   191 |   146 |   176 ||   952
       Tentacles         |     6 |    19 |    41 |   122 |   328 |   266 |   388 |   530 |   711 ||  2411
       Punch             |       |       |       |     4 |    26 |     7 |    16 |    14 |    15 ||    82
       Flail             |       |       |       |       |    28 |       |       |       |       ||    28
       Battleaxe         |       |       |       |       |     5 |       |       |       |       ||     5
       Broad axe         |       |       |       |       |   303 |  1017 |  1300 |  1704 |  2028 ||  6352
       Unarmed           |       |       |       |       |       |       |       |    13 |       ||    13
 Fire: Hand crossbow     |       |       |       |       |       |   118 |       |    57 |    42 ||   217
Throw: Dart              |       |       |       |       |    12 |     9 |     1 |       |       ||    22
 Cast: Apportation       |       |       |       |       |       |     3 |     1 |       |       ||     4
       Blink             |       |       |       |       |       |     3 |     1 |     5 |     8 ||    17
       Ozocubu's Armour  |       |       |       |       |       |       |     1 |     4 |     7 ||    12
       Lesser Beckoning  |       |       |       |       |       |       |       |    16 |    17 ||    33
       Ice Form          |       |       |       |       |       |       |       |     2 |       ||     2
       Swiftness         |       |       |       |       |       |       |       |       |     1 ||     1
Invok: Heroism           |       |       |       |     6 |    22 |     9 |     6 |    10 |     7 ||    60
       Finesse           |       |       |       |     2 |     8 |     3 |     1 |     5 |     4 ||    23
 Abil: Evoke Flight      |       |       |       |       |     1 |       |       |       |       ||     1
Evoke: Wand              |       |       |       |    14 |    27 |    10 |     3 |    13 |    13 ||    80
       Condenser vane    |       |       |       |       |       |     4 |     1 |     4 |     2 ||    11
  Use: Scroll            |     8 |     6 |     4 |    18 |    12 |     9 |    10 |    19 |    23 ||   109
       Potion            |       |     3 |     2 |     8 |    19 |     4 |     1 |       |     7 ||    44
 Stab: Sleeping          |     3 |     7 |    10 |    46 |    13 |    33 |    60 |    57 |    47 ||   276
       Distracted        |       |       |     1 |     3 |     4 |     3 |     6 |     9 |    16 ||    42
       Paralysed         |       |       |       |    12 |     8 |       |       |       |       ||    20
       Invisible         |       |       |       |     3 |     3 |       |       |       |       ||     6
       Confused          |       |       |       |       |     1 |       |    12 |     1 |    13 ||    27
Armor: Skin              |     5 |     3 |     2 |    10 |    29 |    86 |   107 |   200 |   114 ||   556
Dodge: Dodged            |    27 |    48 |   142 |   323 |   828 |   718 |   695 |  1170 |   881 ||  4832
Block: Kite shield       |    26 |    54 |   117 |   271 |   753 |   729 |    44 |       |       ||  1994
       Tower shield      |       |       |       |       |       |       |   889 |  1912 |  1960 ||  4761

Table legend: (Time is in decaauts)
 A = Elapsed time spent in this place.
 B = Non-inter-level travel time spent in this place.
 C = Inter-level travel time spent in this place.
 D = Time resting spent in this place.
 E = Time spent auto-exploring this place.
 F = Levels seen in this place.
 G = Mean time per level.
                   A        B        C        D        E       F      G
               +--------+--------+--------+--------+--------+-----+--------+
         Total |  64174 |  59103 |   5071 |  10619 |  31889 |  69 |  930.1 |
       Dungeon |  16122 |  14136 |   1986 |   1807 |   9472 |  15 | 1074.8 |
        Temple |    171 |     68 |    103 |      0 |     67 |   1 |  171.0 |
          Lair |   9399 |   8729 |    670 |   2209 |   4337 |   6 | 1566.5 |
         Swamp |   3769 |   3562 |    207 |    736 |   2061 |   4 |  942.2 |
     Snake Pit |   4856 |   4688 |    168 |   1623 |   1569 |   4 | 1214.0 |
    Slime Pits |   1725 |   1655 |     70 |     73 |   1167 |   5 |  345.0 |
  Orcish Mines |   1677 |   1506 |    171 |     79 |    885 |   2 |  838.5 |
   Elven Halls |   3913 |   3831 |     82 |    527 |   1988 |   3 | 1304.3 |
        Vaults |   9058 |   8270 |    788 |   1021 |   4725 |   5 | 1811.6 |
         Crypt |   2175 |   2086 |     89 |    455 |    963 |   2 | 1087.5 |
        Depths |   6955 |   6277 |    678 |   1082 |   3203 |   5 | 1391.0 |
           Zot |   1020 |    965 |     55 |    170 |    657 |   1 | 1020.0 |
      Ziggurat |    703 |    703 |      0 |    211 |     50 |  11 |   63.9 |
        Bazaar |    152 |    152 |      0 |      0 |     69 |   1 |  152.0 |
         Sewer |    551 |    551 |      0 |     98 |    358 |   1 |  551.0 |
      Ice Cave |    289 |    289 |      0 |    132 |      0 |   1 |  289.0 |
    Desolation |   1250 |   1250 |      0 |    306 |    318 |   1 | 1250.0 |
      Gauntlet |    381 |    381 |      0 |     88 |      0 |   1 |  381.0 |
               +--------+--------+--------+--------+--------+-----+--------+

Top non-repeatable levels by time:
Vaults:1: 2187 daAuts
  Lair:5: 2069 daAuts
Vaults:4: 2038 daAuts
    D:12: 1958 daAuts
Depths:3: 1905 daAuts
  Lair:4: 1794 daAuts
 Snake:4: 1660 daAuts
Vaults:3: 1651 daAuts
Vaults:2: 1619 daAuts
     D:7: 1588 daAuts
   Elf:3: 1586 daAuts
Vaults:5: 1561 daAuts
  Lair:3: 1550 daAuts
  Lair:6: 1504 daAuts
  Lair:2: 1484 daAuts
